 Dungeon Crawl Stone Soup version 0.23.1-37-gaa34b87 (webtiles) character file.

Game seed: 8882054955194117442

8827 Mudlark the Grappler (level 11, 0/87 HPs)
             Began as a Troll Wizard on Mar 25, 2019.
             Was an Elder of Hepliaklqana.
             Slain by a yak (13 damage)
             ... on level 9 of the Dungeon.
             The game lasted 00:29:59 (8578 turns).

Mudlark the Grappler (Troll Wizard)                 Turns: 8578, Time: 00:29:59

Health: 0/87       AC: 12    Str: 20    XL:     11   Next: 15%
Magic:  17/17      EV:  9    Int: 14    God:    Hepliaklqana [****..]
Gold:   375        SH:  0    Dex:  8    Spells: 14/20 levels left

rFire    . . .     SeeInvis +     - Unarmed
rCold    . . .     Gourm    +   (no shield)
rNeg     . . .     Faith    .   y - +0 troll leather armour
rPois    .         Spirit   .   b - +0 hat
rElec    .         Reflect  .   F - +0 cloak (curse)
rCorr    .         Harm     .   (gloves unavailable)
MR       .....                  (boots unavailable)
Stlth    +.........             f - amulet of magic regeneration
HPRegen  1.04/turn              K - ring of see invisible
MPRegen  0.40/turn              (no ring)

@: lethally poisoned (0 -> -2), marked, lightly drained
A: large, unfitting armour, reduced essence, claws 3, iridescent scales 1, fast
metabolism 3, gourmand, regeneration 1, shaggy fur 2, tough skin 3, wild magic 2
a: Recall Ancestor, Ancestor Identity, Transference, Idealise, Renounce Religion


You were on level 9 of the Dungeon.
You worshipped Hepliaklqana.
Hepliaklqana was greatly pleased with you.
You were completely stuffed.

You visited 1 branch of the dungeon, and saw 9 of its levels.

You collected 566 gold pieces.
You spent 191 gold pieces at shops.

Inventory:

Missiles
 I - 5 tomahawks (quivered)
Armour
 a - a +0 robe
 b - a +0 hat (worn)
 q - a +0 cloak
 y - a +0 troll leather armour (worn)
 F - a cursed +0 cloak (worn)
Magical Staves
 M - an uncursed staff of summoning
Jewellery
 f - an amulet of magic regeneration (around neck)
 z - the ring of Wafedea {*Tele rF+ rC+}
   (You found it on level 6 of the Dungeon)

   [ring of teleportation]

   It may teleport you next to monsters.
   It protects you from fire.
   It protects you from cold.
 B - an uncursed ring of fire
 C - an uncursed ring of fire
 G - an uncursed ring of ice
 K - a ring of see invisible (left claw)
 N - the ring "Atutseac" {-Tele rN+ MR+++ Dex-5 SInv Stlth+}
   (You took it off a meliai on level 8 of the Dungeon)

   [ring of see invisible]

   It affects your dexterity (-5).
   It protects you from negative energy.
   It affects your resistance to hostile enchantments.
   It lets you see invisible.
   It prevents most forms of teleportation.
   It makes you more stealthy.
Wands
 x - a wand of enslavement (7)
 O - a wand of random effects (25)
 P - a wand of flame (7)
Scrolls
 e - 4 scrolls of amnesia
 h - 5 scrolls of remove curse
 j - 2 scrolls of teleportation
 k - 3 scrolls of blinking {unknown}
 l - 2 scrolls of enchant armour {unknown}
 m - 3 scrolls of magic mapping
 n - 3 scrolls of fear {unknown}
 r - a scroll of noise {unknown}
 s - a scroll of summoning {unknown}
 v - 3 scrolls of fog
 w - a scroll of random uselessness {unknown}
 A - a scroll of immolation {unknown}
Potions
 c - 2 potions of ambrosia {unknown}
 g - 5 potions of curing
 i - 2 potions of lignification
 o - 3 potions of flight
 p - a potion of might {unknown}
 t - a potion of berserk rage {unknown}
 u - 3 potions of agility
 D - a potion of haste {unknown}
 E - 2 potions of heal wounds
 L - a potion of invisibility {unknown}
Comestibles
 d - 14 rations


   Skills:
 + Level 3.5(3.3) Fighting
 - Level 4.4(4.2) Armour
 - Level 1.6(1.4) Dodging
 - Level 1.0(0.8) Stealth
 + Level 11.5(11.3) Unarmed Combat
 * Level 5.0(4.8) Spellcasting
 - Level 1.2(1.0) Conjurations
   Level 0.6(0.4) Summonings
 * Level 5.1(5.0) Translocations
 * Level 3.2(3.0) Invocations


You had 14 spell levels left.
You knew the following spells:

 Your Spells              Type           Power        Failure   Level  Hunger
a - Magic Dart            Conj           ##..         26%         1    None
b - Blink                 Tloc           N/A          11%         2    ##.....
c - Mephitic Cloud        Conj/Pois/Air  #.......     65%         3    ###....

Your spell library contained the following spells:

 Spells                   Type           Power        Failure   Level  Hunger
 Call Imp                 Summ           #.......     43%         2    ##.....
 Passage of Golubria      Tloc           N/A          43%         4    ####...
 Passwall                 Tmut/Erth      #.......     47%         2    ##.....
 Slow                     Hex            #.......     47%         2    ##.....
 Swiftness                Chrm/Air       #.......     47%         2    ##.....
 Conjure Flame            Conj/Fire      #.......     63%         3    ###....
 Lee's Rapid Deconstruct  Erth           #.........   100%        5    ######.
 Darkness                 Hex            #.........   100%        6    #######
 Invisibility             Hex            #.......     100%        6    #######


Dungeon Overview and Level Annotations

Branches:
Dungeon (9/15)             Temple (0/1) D:5
   Lair: D:8-11         Orc: D:9-12

Altars:
Fedhas
Gozag
Hepliaklqana
Uskayaw
Vehumet
The Shining One

Shops:
D:4 *   D:5 }   D:6 [   D:8 %

Annotations:
D:1 exclusion: downstairs
D:2 Sigmund
D:6 1 runed translucent door, appiemonkey's ghost, novice TrFi
D:7 exclusion: downstairs
D:8 exclusion: statue
D:9 Psyche


Innate Abilities, Weirdness & Mutations

You are too large for most types of armour.
You have claws for hands.
Your metabolism is lightning-fast.
You like to eat raw meat.
Your natural rate of healing is unusually fast.
You are covered in thick fur. (AC +2)
You have extremely tough skin. (AC +3)
Your life essence is reduced to manifest your ancestor. (-10% HP)
You are partially covered in iridescent scales. (AC +2)
Your spells are harder to cast, but more powerful.


Message History

The yak gores Cyneburga.
Cyneburga gestures at the yak while chanting.
The yak resists with some effort.
The yak gores you.
* * * LOW HITPOINT WARNING * * *
The yak gores you but does no damage.
Psyche laughs secretively.
Psyche barely misses you.
You closely miss Psyche.
Psyche hits you with a +3 dagger of chaos.
* * * LOW HITPOINT WARNING * * *
You are more poisoned.
The yak barely misses Cyneburga. x2
Cyneburga points at the yak and mumbles some strange words.
The yak resists with some effort.
The yak gores you!
* * * LOW HITPOINT WARNING * * *
The yak closely misses Cyneburga.
You mangle Psyche!!
Psyche is severely wounded.
You feel sick. Psyche hits you but does no damage. The yak gores you!
You die...

##### ....#
##..# ...##
#########
..##
#.......#
#.#
###.......#
#.#
...........#
...
..S...Y@...#
###.
....$oYR@..#
..
%.....YYYh.#
.#
......5....#
...........#
...########
... .


You could see the friendly Cyneburga the hexer, Psyche, 5 yaks, an adder, a
shadow imp, an orc and a jackal.

Vanquished Creatures
  A centaur warrior (D:8)
  4 two-headed ogres (D:8)
  Joseph (D:9)
  A gargoyle (D:8)
  A meliai (D:8)
  Grinder (D:5)
  2 hippogriffs (D:8)
  A yak (D:9)
  A water moccasin (D:8)
  2 orc warriors
  An ice beast (D:7)
  A sky beast (D:6)
  A necrophage (D:8)
  2 phantoms (D:8)
  5 ogres
  A centaur (D:8)
  2 big kobolds (D:8)
  2 bullfrogs (D:8)
  2 scorpions
  3 killer bees (D:7)
  4 wights (D:8)
  4 crimson imps
  A bullfrog zombie (D:7)
  3 orc priests
  4 hounds
  2 jellies
  Crazy Yiuf (D:3)
  5 orc wizards
  A bullfrog skeleton (D:8)
  2 iguanas
  Terence (D:2)
  8 worker ants
  A hound skeleton (D:5)
  2 worker ant zombies
  4 gnolls (D:7)
  11 adders
  A howler monkey skeleton (D:7)
  2 shadow imps
  An adder zombie (D:5)
  3 worms
  2 dart slugs (D:1)
  5 leopard geckos
  26 orcs
  3 giant cockroaches
  3 goblins
  7 hobgoblins
  9 jackals
  6 quokkas
  4 bats
  A jackal skeleton (D:4)
  7 kobolds
  2 leopard gecko skeletons (D:5)
  2 quokka skeletons (D:4)
  6 rats
179 creatures vanquished.

Vanquished Creatures (collateral kills)
  A hornet (D:9)
  A wraith (D:8)
  An ogre (D:4)
  A black bear (D:9)
  A phantom (D:5)
  2 bullfrogs
  2 killer bees (D:7)
  A crimson imp (D:5)
  2 bullfrog zombies (D:8)
  A hound (D:8)
  A worker ant (D:8)
  2 adders
  5 orcs
  A giant cockroach (D:8)
  5 jackals
  A kobold (D:3)
28 creatures vanquished.

Vanquished Creatures (others)
  5 hexers
  3 ancestors
  A withered plant (D:6)
9 creatures vanquished.

Grand Total: 216 creatures vanquished

Notes
Turn   | Place    | Note
-------+----------+-------------------------------------------
     0 | D:1      | Mudlark the Troll Wizard began the quest for the Orb.
     0 | D:1      | Reached XP level 1. HP: 16/16 MP: 2/2
   347 | D:1      | Reached XP level 2. HP: 24/24 MP: 4/4
   351 | D:1      | Learned a level 2 spell: Blink
  1144 | D:2      | Reached XP level 3. HP: 31/31 MP: 5/5
  1171 | D:2      | Reached skill level 1 in Translocations
  1225 | D:2      | Reached skill level 1 in Conjurations
  1389 | D:2      | Reached skill level 1 in Unarmed Combat
  1443 | D:2      | Found an opulent altar of Gozag.
  1501 | D:2      | Found a hazy altar of Hepliaklqana.
  1583 | D:2      | Became a worshipper of Hepliaklqana the Forgotten
  1620 | D:2      | Noticed Sigmund
  1770 | D:2      | Noticed Terence
  1784 | D:2      | Killed Terence
  1784 | D:2      | Reached XP level 4. HP: 32/35 MP: 6/6
  1807 | D:2      | You fall through a shaft!
  1932 | D:3      | Noticed an ogre
  1941 | D:3      | Killed an ogre
  1941 | D:3      | Reached skill level 2 in Unarmed Combat
  1941 | D:3      | Reached XP level 5. HP: 24/41 MP: 8/8
  2151 | D:3      | Reached skill level 3 in Unarmed Combat
  2463 | D:3      | Reached * piety under Hepliaklqana
  2612 | D:3      | Found a blossoming altar of Fedhas.
  2854 | D:3      | Found a runed translucent door.
  2855 | D:3      | Noticed Crazy Yiuf
  3041 | D:3      | Gained mutation: Your mind is acute. (Int +2) [potion of
                  | mutation]
  3041 | D:3      | Gained mutation: You are covered in thick fur. (AC +2)
                  | [potion of mutation]
  3041 | D:3      | Gained mutation: Your flesh is cold resistant. (rC+)
                  | [potion of mutation]
  3045 | D:3      | Killed Crazy Yiuf
  3045 | D:3      | Reached XP level 6. HP: 32/48 MP: 9/9
  3046 | D:3      | Lost mutation: Your flesh is cold resistant. (rC+) [potion
                  | of mutation]
  3046 | D:3      | Lost mutation: Your mind is acute. (Int +2) [potion of
                  | mutation]
  3046 | D:3      | Gained mutation: You are partially covered in iridescent
                  | scales. (AC +2) [potion of mutation]
  3046 | D:3      | Gained mutation: Your spells are a little harder to cast,
                  | but a little more powerful. [potion of mutation]
  3046 | D:3      | Gained mutation: Your spells are harder to cast, but more
                  | powerful. [potion of mutation]
  3197 | D:4      | Reached skill level 1 in Fighting
  3402 | D:4      | Found Iklotethru's General Store.
  3410 | D:4      | Bought a scroll of identify for 26 gold pieces
  3484 | D:4      | Found a hide-covered altar of Uskayaw.
  3592 | D:4      | Reached skill level 4 in Unarmed Combat
  3768 | D:5      | Entered Level 5 of the Dungeon
  3787 | D:5      | Reached ** piety under Hepliaklqana
  3788 | D:5      | Remembered your ancestor Cyneburga as a hexer
  3832 | D:5      | Reached XP level 7. HP: 55/55 MP: 10/10
  3927 | D:5      | Reached skill level 5 in Unarmed Combat
  4064 | D:5      | Found Ifunt's Gadget Emporium.
  4240 | D:5      | Noticed Grinder
  4251 | D:5      | Killed Grinder
  4251 | D:5      | Reached skill level 6 in Unarmed Combat
  4397 | D:5      | Learned a level 3 spell: Mephitic Cloud
  4593 | D:5      | Found a staircase to the Ecumenical Temple.
  4668 | D:6      | Reached XP level 8. HP: 64/64 MP: 10/12
  4707 | D:6      | Found Hiokk's Armour Shop.
  4718 | D:6      | Bought a +0 troll leather armour for 165 gold pieces
  5005 | D:6      | Got a faintly glowing wooden ring
  5167 | D:6      | Found a runed translucent door.
  5168 | D:6      | Noticed appiemonkey's ghost (novice TrFi)
  5173 | D:6      | Identified the ring of Wafedea {*Tele rF+ rC+} (You found
                  | it on level 6 of the Dungeon)
  5276 | D:6      | Reached *** piety under Hepliaklqana
  5280 | D:6      | Reached skill level 7 in Unarmed Combat
  5356 | D:6      | Found a glowing golden altar of the Shining One.
  5663 | D:7      | Reached skill level 1 in Armour
  6235 | D:7      | Reached skill level 8 in Unarmed Combat
  6311 | D:8      | Reached XP level 9. HP: 70/71 MP: 13/13
  6407 | D:8      | Noticed a two-headed ogre
  6447 | D:8      | Killed a two-headed ogre
  6518 | D:8      | Reached skill level 9 in Unarmed Combat
  6552 | D:8      | Noticed a gargoyle
  6725 | D:8      | Found a radiant altar of Vehumet.
  6771 | D:8      | Found Duneclixt's Food Shop.
  7099 | D:8      | Killed a gargoyle
  7099 | D:8      | Reached XP level 10. HP: 14/79 MP: 15/15
  7345 | D:8      | Reached skill level 1 in Invocations
  7417 | D:8      | Identified the ring "Atutseac" {-Tele rN+ MR+++ Dex-5 SInv
                  | Stlth+}
  7420 | D:8      | Noticed a two-headed ogre
  7538 | D:8      | Noticed a two-headed ogre
  7660 | D:8      | Reached skill level 10 in Unarmed Combat
  7682 | D:8      | Found a hazy altar of Hepliaklqana.
  7778 | D:8      | Noticed a two-headed ogre
  7789 | D:8      | Killed a two-headed ogre
  7844 | D:8      | Killed a two-headed ogre
  8148 | D:8      | Noticed a centaur warrior
  8150 | D:8      | Reached **** piety under Hepliaklqana
  8155 | D:8      | Killed a centaur warrior
  8155 | D:8      | Reached skill level 11 in Unarmed Combat
  8155 | D:8      | Reached skill level 5 in Translocations
  8197 | D:8      | Killed a two-headed ogre
  8197 | D:8      | Reached XP level 11. HP: 13/87 MP: 17/17
  8411 | D:9      | Noticed Joseph
  8432 | D:9      | Killed Joseph
  8554 | D:9      | Noticed Psyche
  8574 | D:9      | Reached skill level 5 in Spellcasting
  8578 | D:9      | Slain by a yak

Skill      XL: |  1  2  3  4  5  6  7  8  9 10 11 |
---------------+----------------------------------+-----
Translocations | 1 2 3 4 5 |  5.1
Conjurations   | 1 |  1.2
Unarmed Combat | 1 2 3 4 6 8 9 11 | 11.5
Fighting       | 1 2 3 |  3.5
Spellcasting   | 3 4 5 |  5.0
Armour         | 2 4 |  4.4
Invocations    | 2 3 |  3.2
Dodging        | |  1.6
Stealth        | |  1.0
Summonings     | |  0.6

Action                   |  1- 3 |  4- 6 |  7- 9 | 10-12 || total
-------------------------+-------+-------+-------+-------++-------
Melee: Unarmed           |   126 |   140 |   343 |   139 ||   748
       Punch             |       |     1 |    13 |     6 ||    20
 Cast: Magic Dart        |     6 |       |     1 |     3 ||    10
Invok: Recall Ancestor   |       |     1 |     1 |     1 ||     3
       Ancestor Life: He |       |     1 |       |       ||     1
Evoke: Wand              |       |       |     1 |       ||     1
       Box of beasts     |       |       |       |     1 ||     1
  Use: Potion            |       |     3 |       |     2 ||     5
       Scroll            |       |     5 |     4 |     2 ||    11
 Stab: Confused          |       |       |     4 |     1 ||     5
       Distracted        |       |       |     2 |       ||     2
  Eat: Chunk             |    13 |    18 |    35 |    15 ||    81
       Ration            |       |       |     1 |       ||     1
Armor: Robe              |    56 |    38 |    24 |       ||   118
       Troll leather arm |       |       |   112 |    81 ||   193
Dodge: Dodged            |    72 |    55 |   112 |    68 ||   307
